 Dungeon Crawl Stone Soup version 0.32-a0-520-g344ed53f66 (webtiles) character file.

Game seed: 1615035179721410506

877 anacleto the Changeling (level 7, -3/67 HPs)
             Began as a Troll Shapeshifter on Feb 28, 2024.
             Slain by a gnoll
             ... wielding a +0 halberd
             ... led by a gnoll bouda
              (9 damage)
             ... on level 5 of the Dungeon.
             The game lasted 00:08:33 (3654 turns).

anacleto the Changeling (Troll Shapeshifter)        Turns: 3654, Time: 00:08:33

Health: -3/67      AC:  4    Str: 25    XL:     7   Next: 75%
Magic:  6/6        EV: 10    Int:  6    God:
Gold:   257        SH:  0    Dex:  9    Spells: 6/6 levels left

rFire   . .          .
                       - Unarmed
rCold   . . .        (no shield)
rNeg    . . .        a - +0 animal skin
rPois   +            (helmet currently unavailable)
rElec   .            o - melded +2 cloak
rCorr   .            (gloves unavailable)
SInv    .            (boots unavailable)
Will    .....        (no amulet)
Stlth   +            q - ring of poison resistance
HPRegen 1.11/turn    (no ring)
MPRegen 0.10/turn

%: no passive effects
@: beast-form, weakened
A: beast (slay +3), large, unfitting armour, claws 3, regeneration 1, shaggy fur
1, tough skin 1
a: Begin Untransformation


You were on level 5 of the Dungeon.
You were a hulking beast.
You visited 1 branch of the dungeon, and saw 5 of its levels.

You collected 257 gold pieces.

Inventory:

Missiles
 l - 4 boomerangs (quivered)
 n - 8 poisoned darts
Armour
 a - a +0 animal skin (worn)
 o - a +2 cloak (melded)
Jewellery
 q - a ring of poison resistance (left claw)
Talismans
 c - a beast talisman (active)
 d - a flux talisman
Wands
 g - a wand of flame (28)
Scrolls
 b - a scroll of enchant weapon {unknown}
 f - a scroll of brand weapon
 i - 2 scrolls of enchant armour
 j - a scroll of poison
 k - a scroll of identify
 m - a scroll of amnesia {unknown}
 p - a scroll of summoning {unknown}
 v - a scroll of revelation {unknown}
 w - 3 scrolls of immolation {unknown}
Potions
 e - 3 potions of curing
 h - a potion of berserk rage {unknown}
 r - a potion of mutation {unknown}
 s - a potion of brilliance {unknown}
 t - 3 potions of enlightenment
 u - 2 potions of degeneration {unknown}


   Skills:
 + Level 3.0 Fighting
 + Level 2.8 Throwing
 + Level 3.2 Dodging
 + Level 4.6 Unarmed Combat
 * Level 5.6 Shapeshifting


You had 6 spell levels left.
You didn't know any spells.
Your spell library was empty.

Dungeon Overview and Level Annotations

Branches:
Dungeon (5/15)
 Temple: D:4-7

Altars:
Hepliaklqana
Okawaru
Sif Muna

Shops:
D:4 (

Annotations:
D:3 4 runed translucent doors, CougarLife's ghost, amateur GrEE; Crazy Yiuf; Gangsterbeez's ghost, amateur MiFi


Innate Abilities, Weirdness & Mutations

You are a hulking beast.
Your limbs bulge with bestial killing power. (Slay +3)
You are too large for most types of armour.
You have claws for hands.
Your natural rate of healing is unusually fast.
You are covered in fur. (AC +1)
You have tough skin. (AC +1)


Message History

You kill the gnoll!
The gnoll bouda gazes fiercely through you!
You feel your attacks grow feeble.
You scratch the gnoll bouda.
The gnoll bouda is moderately wounded.
You scratch the gnoll bouda.
The gnoll bouda is heavily wounded.
The gnoll barely misses you.
The gnoll bouda barks out a call to the hunt!
The gnolls pick up the pace!
An iguana comes into view.
The iguana hisses angrily.
You claw the gnoll bouda!
The gnoll bouda is almost dead.
An orc comes into view. It is wielding a +0 club.
The gnoll hits you from afar with a +0 halberd!
The gnoll bouda hits you with a +0 whip.
You closely miss the gnoll bouda.
The gnoll bouda is almost dead.
The gnoll bouda gazes fiercely through you!
You feel as though you will be weak longer.
The gnoll bouda hits you with a +0 whip.
The gnoll hits you from afar with a +0 halberd!
You claw the gnoll bouda!
You kill the gnoll bouda!
The gnoll barely misses you.
Your Fighting skill increases to level 3!
The gnoll closely misses you. The gnoll hits you with a +0 halberd!
* * * LOW HITPOINT WARNING * * *
Items here: )))) [[[ †.
You scratch the gnoll.
The gnoll is moderately wounded.
The gnoll hits you with a +0 halberd!
* * * LOW HITPOINT WARNING * * *
The gnoll closely misses you.
You feel better.
The gnoll hits you from afar with a +0 spear.
* * * LOW HITPOINT WARNING * * *
The gnoll hits you with a +0 halberd!
You die...

##.... ... #..... ...
##..... ..). ####......
..... #######.........
.....# #...............
.....l# #.*...ß.........
....ogg##...............
#h#.ß...ß........#
##...............#
##.ß.ß.ß...ß.#.##
#...........#.#
#...ß.ß.....#.#
#...........#.
#...ß...ß...#
#...........#
########......#


You could see an iguana, 2 gnolls and an orc.

Vanquished Creatures
  Grinder (D:4)
  A steam dragon (D:4)
  2 ogres (D:4)
  A scorpion (D:4)
  An orc priest (D:5)
  2 gnoll boudas (D:5)
  A jelly (D:4)
  An iguana (D:4)
  6 gnolls (D:5)
  4 adders
  2 ribbon worms (D:2)
  2 dart slugs
  5 orcs
  7 ball pythons
  7 endoplasms
  A giant cockroach (D:1)
  9 goblins
  3 hobgoblins
  5 jackals
  9 kobolds
  7 quokkas
  6 bats
  2 frilled lizards (D:3)
  4 rats (D:3)
89 creatures vanquished.

Notes
Turn   | Place    | Note
-------+----------+-------------------------------------------
     0 | D:1      | anacleto the Troll Shapeshifter began the quest for the
                  | Orb.
     0 | D:1      | Reached XP level 1. HP: 18/18 MP: 0/0
   157 | D:1      | Reached skill level 1 in Fighting
   181 | D:1      | Reached XP level 2. HP: 27/27 MP: 1/1
   776 | D:2      | Reached XP level 3. HP: 33/33 MP: 2/2
  1351 | D:3      | Found a runed translucent gate.
  1351 | D:3      | Found a runed translucent gate.
  1351 | D:3      | Found a runed translucent gate.
  1363 | D:3      | Noticed CougarLife's ghost (amateur GrEE)
  1363 | D:3      | Noticed Gangsterbeez's ghost (amateur MiFi)
  1394 | D:3      | Reached XP level 4. HP: 41/41 MP: 3/3
  1542 | D:3      | Found a runed translucent door.
  1543 | D:3      | Noticed Crazy Yiuf
  1784 | D:4      | Found an iron altar of Okawaru.
  1803 | D:4      | Noticed an ogre
  1818 | D:4      | Reached skill level 1 in Throwing
  1832 | D:4      | Killed an ogre
  1833 | D:4      | Reached skill level 4 in Shapeshifting
  1833 | D:4      | Reached XP level 5. HP: 49/49 MP: 4/4
  2061 | D:4      | Found a hazy altar of Hepliaklqana.
  2062 | D:4      | Found a shimmering blue altar of Sif Muna.
  2079 | D:4      | Found Nyupt's Antique Weapon Boutique.
  2095 | D:4      | Noticed a steam dragon
  2096 | D:4      | Noticed Grinder
  2250 | D:4      | Noticed an ogre
  2254 | D:4      | Killed an ogre
  2255 | D:4      | Reached XP level 6. HP: 57/57 MP: 5/5
  2667 | D:4      | Killed Grinder
  2668 | D:4      | Reached skill level 5 in Shapeshifting
  2668 | D:4      | Reached XP level 7. HP: 66/66 MP: 6/6
  3093 | D:4      | Killed a steam dragon
  3535 | D:5      | Entered Level 5 of the Dungeon
  3654 | D:5      | Slain by a gnoll

Illustrated notes

Levels and vault maps discovered:
D:1:      dpeg_arrival_court, layout_loops_ring, minmay_vboxes
D:2:      layout_basic
D:3:      layout_rooms, serial_glass, glass_columns_a, glass_columns_a,
          item_on_display_a, gammafunk_ghost_cemetery, uniq_crazy_yiuf_cottage
D:4:      layout_cave_pools, kennysheep_okawaru_gauntlet,
          chequers_temple_overflow_statue_of_worship, serial_shops, shop,
          grunt_ministairs_5, uniq_grinder
D:5:      layout_cave_pods, gup_sewer_entry_bubbles, serial_column_ruins,
          column_ruins_grid_5, column_ruins_open_medium, column_ruins_grid_3,
          column_ruins_grid_3, column_ruins_open_tiny, column_ruins_grid_1

Skill      XL: |  1  2  3  4  5  6  7 |
---------------+----------------------+-----
Fighting       | 1 2 3 |  3.0
Dodging        | 2 3 |  3.2
Throwing       | 1 2 |  2.8
Shapeshifting  | 4 5 |  5.6
Unarmed Combat | 4 |  4.6

Action                     |  1- 3 |  4- 6 |  7- 9 || total
---------------------------+-------+-------+-------++-------
  Melee: Unarmed           |    96 |    86 |    54 ||   236
         Punch             |       |     2 |       ||     2
  Throw: Boomerang         |       |    13 |       ||    13
Ability: Begin Untransform |     1 |       |       ||     1
    Use: Scroll            |       |     7 |       ||     7
         Potion            |       |     1 |     1 ||     2
 Armour: Animal skin       |    76 |    61 |    37 ||   174
         Skin              |       |    15 |       ||    15
  Dodge: Dodged            |    51 |    39 |    17 ||   107
         Repelled          |       |       |     1 ||     1
   Form: Beast             |     1 |       |       ||     1

Table legend: (Time is in decaauts)
 A = Elapsed time spent in this place.
 B = Non-inter-level travel time spent in this place.
 C = Inter-level travel time spent in this place.
 D = Time resting spent in this place.
 E = Time spent auto-exploring this place.
 F = Levels seen in this place.
 G = Mean time per level.
                   A        B        C        D        E       F      G
               +--------+--------+--------+--------+--------+-----+--------+
         Total |   3639 |   3510 |    129 |    978 |   1529 |   5 |  727.8 |
       Dungeon |   3639 |   3510 |    129 |    978 |   1529 |   5 |  727.8 |
               +--------+--------+--------+--------+--------+-----+--------+

Top non-repeatable levels by time:
     D:4: 1598 daAuts
     D:3: 733 daAuts
     D:1: 626 daAuts
     D:2: 566 daAuts
     D:5: 115 daAuts
